 Dungeon Crawl Stone Soup version 0.28.0-1-gb440e238dd (webtiles) character file.

Game seed: 12564404578613989851

168 mortz the Conjurer (level 5, -8/36 HPs)
             Began as a Human Conjurer on Feb 27, 2022.
             Killed from afar by Ijyb (16 damage)
             ... with an iceblast
             ... on level 4 of the Dungeon.
             The game lasted 00:22:45 (3643 turns).

mortz the Conjurer (Human Conjurer)                 Turns: 3643, Time: 00:22:46

Health: -8/36      AC:  3    Str:  7    XL:     5   Next: 78%
Magic:  5/10       EV: 11    Int: 21    God:
Gold:   98         SH:  0    Dex: 11    Spells: 7/10 levels left

rFire   . . .      SeeInvis .   q - +0 falchion {long}
rCold   . . .      Faith    .   (no shield)
rNeg    + . .      Spirit   .   l - +0 leather armour
rPois   .          Reflect  .   (no helmet)
rElec   .          Harm     .   (no cloak)
rCorr   .          Rampage  .   (no gloves)
Will    .....                   (no boots)
Stlth   ++........              (no amulet)
HPRegen 0.12/turn               k - ring of positive energy
MPRegen 0.12/turn               (no ring)

@: no status effects
A: no striking features
a: no special abilities


You were on level 4 of the Dungeon.
You visited 1 branch of the dungeon, and saw 4 of its levels.

You collected 146 gold pieces.
You spent 48 gold pieces at shops.


   Skills:
 + Level 0.5 Fighting
 + Level 1.2 Armour
 + Level 2.1 Dodging
 + Level 2.2 Stealth
 + Level 3.3 Spellcasting
 + Level 5.3 Conjurations


You had 7 spell levels left.
You knew the following spells:

 Your Spells              Type           Power      Damage    Failure   Level
a - Magic Dart            Conj           100%       1d8       1%          1
b - Searing Ray           Conj           52%        2d6       3%          2

Your spell library contained the following spells:

 Spells                   Type           Power      Damage    Failure   Level
 Sandblast                Erth           6%         2d5       19%         1
 Dazzling Flash           Conj/Hex       28%        N/A       19%         3
 Stone Arrow              Conj/Erth      28%        3d8       19%         3
 Blink                    Tloc           6%         N/A       28%         2
 Passwall                 Tmut/Erth      2%         N/A       28%         2
 Fulminant Prism          Conj/Hex       7%         3d7       52%         4
 Iskenderun's Mystic Bla  Conj/Tloc      14%        2d5       52%         4
 Manifold Assault         Tloc           3%         N/A       99%         5
 Storm Form               Tmut/Air       1%         N/A       100%        7

Inventory:

Hand Weapons
 h - a +0 short sword {short}
   (You took it off a kobold on level 1 of the Dungeon)
 q - a +0 falchion (weapon) {long}
   (You took it off an orc on level 2 of the Dungeon)
Missiles
 c - 7 boomerangs {throwing}
 n - 68 stones {throwing}
 o - 13 poisoned darts {throwing}
Armour
 a - a +0 robe
 g - a +0 ring mail
   (You found it on level 1 of the Dungeon)
 l - a +0 leather armour (worn)
   (You found it on level 2 of the Dungeon)
 s - a +0 chain mail
   (You found it on level 3 of the Dungeon)
Magical Staves
 t - a staff of poison {!astaff}
   (You found it on level 4 of the Dungeon)
Jewellery
 k - a ring of positive energy (left hand)
   (You found it on level 2 of the Dungeon)
 p - an amulet of guardian spirit
   (You found it on level 2 of the Dungeon)
Wands
 u - a wand of iceblast (8)
   (You found it on level 4 of the Dungeon)
 v - a wand of charming (4)
   (You found it on level 4 of the Dungeon)
Scrolls
 e - 2 scrolls of enchant armour {unknown}
 i - a scroll of identify {unknown}
 r - a scroll of immolation {unknown}
 y - a scroll of summoning {unknown}
 z - a scroll of teleportation {unknown}
Potions
 b - a potion of might {unknown}
 d - 4 potions of curing {@q1}
 f - 2 potions of haste {unknown}
 j - a potion of heal wounds {unknown}
 m - 2 potions of mutation {unknown}
 w - a potion of ambrosia {unknown}
 x - a potion of flight {unknown}

Dungeon Overview and Level Annotations

Branches:
Dungeon (4/15)
 Temple: D:4-7

Altars:

Shops:
D:1 !   D:3 =[*[

Annotations:
D:4 Ijyb

#.. #.#.#..............
.#...
##.......รท..........
<..#.##.............#.....
...............(...##.....
...................##.....
...........<..............
.#...............####.....
............>....# .....
...##....@.......# .....
.# ####.##..##.## .....
#...##..##)# .....
#.g###..###.#####..... #K#
#...........#..... #.
#..##..........# .....#
#.........## .....#
#.........# ......
#.........#


You could see Ijyb and a kobold.


Message History

Ijyb the Twisted Goblin comes into view.
She is wielding a +0 club and carrying a wand of iceblast (13).
u - a wand of iceblast (8)
v - a wand of charming (4) ๐Ÿ˜Ž MP[+1]
Your mp is fully restored (10).
w - a fizzy silvery potion
There is a stone staircase leading up here.
You climb upwards.
There is a stone staircase leading down here.
There is a stone staircase leading down here.
You climb downwards.
Level annotation: Ijyb
There is a stone staircase leading up here.
o - 13 poisoned darts {throwing} (gained 5)
You now have 88 gold pieces (gained 15).
Found a stone staircase leading down.
Found a stone staircase leading down.
You now have enough gold to buy a potion of cancellation on D:1, buy a potion of invisibility on D:1, or buy a potion of magic on D:1.
You can access your shopping list by pressing '$'.
You now have 98 gold pieces (gained 10).
x - a purple potion An orc comes into view.
It is wielding a +0 whip.
Aiming: Magic Dart (safe; 1% risk of failure)
Press: ? - help, Q - select action, (/) - cycle Shift-Dir - straight line, f - orc
Aim: an orc, wielding a +0 whip and wearing a +0 scale mail (wandering, hasn't noticed you, 100% to hit)
The magic dart hits the orc but does no damage.
The orc shouts! ๐Ÿ˜Ž MP[-1]
You lost 1 mp, and now have 9/10 mp.
Aiming: Magic Dart (safe; 1% risk of failure)
Press: ? - help, Q - select action, (/) - cycle Shift-Dir - straight line, f/p - orc
Aim: an orc, wielding a +0 whip and wearing a +0 scale mail (100% to hit)
The magic dart hits the orc but does no damage. ๐Ÿ˜Ž MP[-1]
You lost 1 mp, and now have 8/10 mp.
Aiming: Magic Dart (safe; 1% risk of failure)
Press: ? - help, Q - select action, (/) - cycle Shift-Dir - straight line, f/p - orc
Aim: an orc, wielding a +0 whip and wearing a +0 scale mail (100% to hit)
The magic dart hits the orc. ๐Ÿ˜Ž MP[-1]
You lost 1 mp, and now have 7/10 mp.
Casting: Magic Dart (safe; 1% risk of failure)
Confirm with . or Enter, or press ? or * to list all spells.
Aiming: Searing Ray (safe; 3% risk of failure)
Press: ? - help, Shift-Dir - straight line, f/p - orc
Aim: an orc, wielding a +0 whip and wearing a +0 scale mail (severely wounded, 82% to hit)
The searing ray hits the orc.
You kill the orc! (Press . to maintain the ray.) ๐Ÿ˜Ž MP[-2]
You lost 2 mp, and now have 5/10 mp.
Things that are here:
a +0 whip {mace}; a +0 scale mail; ๐Ÿ˜Ž MP[+5]
Your mp is fully restored (10).
e - 2 scrolls labelled ITZOCO OROPH (gained 1)
You see here a +0 club {mace}.
y - a scroll labelled PIUCELAPLOS
z - a scroll labelled EKHIRIE AFINGAN A kobold comes into view.
It is wielding a +0 dagger.
You see here a +0 club {mace}.
A hound comes into view.
There is a stone staircase leading up here.
Casting: Searing Ray (safe; 3% risk of failure)
Confirm with . or Enter, or press ? or * to list all spells.
Aiming: Searing Ray (safe; 3% risk of failure)
Press: ? - help, Shift-Dir - straight line, f - Ijyb
Aim: Ijyb, wielding a +0 club, wearing a +0 ring mail and carrying a wand of iceblast (13) (asleep, 100% to hit)
The searing ray hits Ijyb.
Ijyb shouts! (Press . to maintain the ray.) Ijyb zaps a wand.
The mass of ice explodes!
The iceblast engulfs you!
You hear a shout! ๐Ÿ˜ฎ HP[-13] MP[-2]
You take 13 damage, and now have 23/36 hp.
MASSIVE DAMAGE!! (PAUSE)
You lost 2 mp, and now have 8/10 mp.
The searing ray hits Ijyb. ๐Ÿ˜ฎ MP[-1]
You lost 1 mp, and now have 7/10 mp.
The searing ray misses Ijyb.
Ijyb zaps a wand.
The mass of ice explodes!
The iceblast engulfs you!
* * * LOW HITPOINT WARNING * * *
๐Ÿ˜จ HP[-11] MP[-1]
You take 11 damage, and now have 12/36 hp.
MASSIVE DAMAGE!! (PAUSE)
You lost 1 mp, and now have 6/10 mp.
The searing ray hits Ijyb.
You finish channelling your searing ray. ๐Ÿ˜จ MP[-1]
You lost 1 mp, and now have 5/10 mp.
Ijyb zaps a wand.
The mass of ice explodes!
The iceblast engulfs you.
* * * LOW HITPOINT WARNING * * *
๐Ÿ˜ฑ HP[-5]
You take 5 damage, and now have 7/36 hp.
Ijyb zaps a wand.
The mass of ice explodes!
The iceblast engulfs you!
You die...

Skill      XL: |  1  2  3  4  5 |
---------------+----------------+-----
Conjurations   | 5 |  5.3
Spellcasting   | 3 |  3.3
Armour         | 1 |  1.2
Fighting       | |  0.5
Dodging        | |  2.1
Stealth        | |  2.2

Action                   |  1- 3 |  4- 6 || total
-------------------------+-------+-------++-------
Melee: Dagger            |     2 |       ||     2
       Short sword       |     7 |       ||     7
 Cast: Magic Dart        |    56 |    33 ||    89
       Searing Ray       |     7 |    12 ||    19
Armor: Robe              |     7 |       ||     7
       Leather armour    |       |     1 ||     1
Dodge: Dodged            |    18 |     4 ||    22

Levels and vault maps discovered:
D:1:      eino_arrival_druids_welcome, layout_loops_ring, serial_shops, shop,
          chequers_ecumenical_altar_simple_redux
D:2:      layout_basic
D:3:      layout_rooms, serial_shops, shop, shop, nicolae_lakefront_shop, shop,
          uniq_natasha
D:4:      layout_rooms, uniq_ijyb

Notes
Turn   | Place    | Note
-------+----------+-------------------------------------------
     0 | D:1      | mortz the Human Conjurer began the quest for the Orb.
     0 | D:1      | Reached XP level 1. HP: 13/13 MP: 3/3
     0 | D:1      | magus.rc [v1.9.6]
    57 | D:1      | You add the spells Blink, Manifold Assault and Storm Form
                  | to your library.
   141 | D:1      | Reached XP level 2. HP: 19/19 MP: 0/5
   228 | D:1      | Found a faded altar of an unknown god.
   510 | D:1      | Learned a level 2 spell: Searing Ray
   683 | D:1      | Reached XP level 3. HP: 24/24 MP: 3/6
   877 | D:1      | Found Kooxkostria's Distillery.
   885 | D:1      | Bought a potion of degeneration for 12 gold pieces
   885 | D:1      | Bought a potion of curing for 36 gold pieces
  1915 | D:2      | Reached XP level 4. HP: 31/31 MP: 2/7
  2197 | D:2      | Reached skill level 5 in Conjurations
  2444 | D:3      | Noticed Natasha
  2477 | D:3      | Killed Natasha
  2553 | D:3      | Reached skill level 3 in Spellcasting
  2561 | D:3      | Reached XP level 5. HP: 36/36 MP: 2/9
  2678 | D:3      | Found Kyomat's Assorted Antiques.
  2813 | D:3      | You pick up a book of Geomancy and begin reading...
  2813 | D:3      | You add the spells Sandblast, Passwall and Stone Arrow to
                  | your library.
  2852 | D:3      | Found Elose's Antique Armour Emporium.
  2866 | D:3      | Found Sala's Armour Shoppe.
  2869 | D:3      | Noticed Natasha
  2872 | D:3      | Killed Natasha
  2873 | D:3      | Reached skill level 1 in Armour
  3010 | D:3      | Noticed Natasha
  3019 | D:3      | Killed Natasha
  3190 | D:3      | Found Inaolut's Jewellery Boutique.
  3435 | D:4      | Noticed Ijyb
  3642 | D:4      | HP: 7/36 [Ijyb/iceblast (5)]
  3643 | D:4      | Killed from afar by Ijyb

Vanquished Creatures
  Natasha (thrice) (D:3)
  2 adders
  3 worms
  2 orcs
  10 ball pythons
  11 bats
  4 endoplasms
  10 goblins
  6 hobgoblins
  3 quokkas
  3 frilled lizards
  5 kobolds
  5 rats
67 creatures vanquished.

Table legend:
 A = Non-vault XP
 B = Vault XP
 C = Vault XP percentage of total XP
 D = Non-vault monster count
 E = Vault monster count
 F = Vault count percentage of total count
                 A         B        C        D         E       F
            +---------+---------+-------+---------+---------+-------
      Total |     206 |      35 |  14.5 |      66 |       1 |   1.5
            +---------+---------+-------+---------+---------+-------
        D:1 |      44 |       0 |   0.0 |      28 |       0 |   0.0
        D:2 |      48 |       0 |   0.0 |      19 |       0 |   0.0
        D:3 |     107 |      35 |  24.6 |      16 |       1 |   5.9
        D:4 |       7 |       0 |   0.0 |       3 |       0 |   0.0
            +---------+---------+-------+---------+---------+-------

Illustrated notes

Table legend:
 A = Kills in this place as a percentage of kills in entire the game.
 B = Kills by you in this place as a percentage of kills by you in the entire game.
 C = Kills by friends in this place as a percentage of kills by friends in the entire game.
 D = Other kills in this place as a percentage of other kills in the entire game.
 E = Experience gained in this place as a percentage of experience gained in the entire game.
 F = Experience gained in this place divided by the number of levels of this place that you have seen.
                   A       B       C       D       E      F
               +-------+-------+-------+-------+-------+----------------------
         Total | 100.0 | 100.0 |   N/A |   N/A | 100.0 |  60.2
       Dungeon | 100.0 | 100.0 |   N/A |   N/A | 100.0 |  60.2
               +-------+-------+-------+-------+-------+----------------------

Table legend: (Time is in decaauts)
 A = Elapsed time spent in this place.
 B = Non-inter-level travel time spent in this place.
 C = Inter-level travel time spent in this place.
 D = Time resting spent in this place.
 E = Time spent auto-exploring this place.
 F = Levels seen in this place.
 G = Mean time per level.
                   A        B        C        D        E       F      G
               +--------+--------+--------+--------+--------+-----+--------+
         Total |   3646 |   3552 |     94 |   1151 |   1737 |   4 |  911.5 |
       Dungeon |   3646 |   3552 |     94 |   1151 |   1737 |   4 |  911.5 |
               +--------+--------+--------+--------+--------+-----+--------+

Top non-repeatable levels by time:
     D:1: 1479 daAuts
     D:2: 1031 daAuts
     D:3: 921 daAuts
     D:4: 214 daAuts
